 Dungeon Crawl Stone Soup version 0.31-a0-219-g8d62b2e7bb (webtiles) character file.

Game seed: 727296947536219785

65 qw the Shooter (level 4, -1/26 HPs)
             Began as a Gargoyle Hexslinger on July 3, 2023.
             Slain by an orc priest
             ... wielding a +0 trident
              (4 damage)
             ... on level 3 of the Dungeon.
             The game lasted 00:00:37 (1635 turns).

qw the Shooter (Gargoyle Hexslinger)                Turns: 1635, Time: 00:00:37

Health: -1/26      AC: 10    Str: 12    XL:     4   Next: 13%
Magic:  0/5        EV: 10    Int: 13    God:
Gold:   51         SH:  0    Dex: 14    Spells: 4/5 levels left

rFire   . . .        Y - +2 sling
rCold   . . .        (no shield)
rNeg    + . .        g - +0 ring mail
rPois   inf          (no helmet)
rElec   +            (no cloak)
rCorr   .            (no gloves)
SInv    .            a - +1 pair of boots
Will    .....        e - amulet of guardian spirit Stlth
                     (no ring)
HPRegen 0.24/turn    (no ring)
MPRegen 0.09/turn

%: guardian spirit
@: confused
A: sickness immunity, AC +3, negative energy resistance 1, electricity
resistance, torment resistance 1, petrification resistance
a: no special abilities


You were on level 3 of the Dungeon.
You visited 1 branch of the dungeon, and saw 3 of its levels.

You collected 51 gold pieces.


Innate Abilities, Weirdness & Mutations

You are immune to sickness and miasma.
Your stone body is resilient. (AC +3)
You are immune to poison.
You resist negative energy. (rN+)
You are resistant to electric shocks. (rElec)
You are resistant to unholy torment.
You are immune to petrification.


   Skills:
 - Level 2.0 Fighting
 - Level 3.9 Ranged Weapons
 + Level 0.1 Armour
 - Level 1.5 Dodging
 - Level 1.0 Spellcasting
 - Level 2.6 Hexes


You had 4 spell levels left.
You knew the following spells:

 Your Spells              Type           Power      Damage    Failure   Level
a - Slow                  Hex            28%        N/A       22%         1

Your spell library contained the following spells:

 Spells                   Type           Power      Damage    Failure   Level
 Inner Flame              Hex/Fire       4%         N/A       73%         3
 Portal Projectile        Hex/Tloc       8%         N/A       73%         3
 Cause Fear               Hex            3%         N/A       91%         4

Inventory:

Hand Weapons
 Y - a +2 sling (weapon)
Armour
 a - a +1 pair of boots (worn)
 g - a +0 ring mail (worn)
Jewellery
 e - an amulet of guardian spirit (around neck)
Scrolls
 h - 2 scrolls of identify
Potions
 f - 2 potions of mutation

Dungeon Overview and Level Annotations

Branches:
Dungeon (3/15)

Altars:


Message History

You hear a shout!
You shoot a sling bullet. The sling bullet hits the orc.
The orc is lightly wounded.
An orc wizard comes into view. It is wielding a +0 dagger.
You shoot a sling bullet.
The sling bullet closely misses the orc wizard.
An orc priest comes into view. It is wielding a +0 trident.
You shoot a sling bullet.
The sling bullet closely misses the orc wizard.
The sling bullet hits the orc.
You kill the orc!
You hear a shout!
The orc wizard hits you with a +0 dagger.
The orc priest hits you from afar with a +0 trident.
The orc wizard barely misses you.
The orc priest begins to cast a cantrip, but forgets the words!
You shoot a sling bullet.
The sling bullet hits the orc wizard but does no damage.
The orc wizard hits you but does no damage.
The orc priest barely misses you.
You shoot a sling bullet. The sling bullet hits the orc wizard.
The orc wizard is lightly wounded.
The orc wizard barely misses you.
The orc priest calls down the wrath of Beogh upon you.
Beogh smites you!
The orc wizard hits you but does no damage.
An orc comes into view. It is wielding a +0 club.
You shoot a sling bullet.
The sling bullet hits the orc wizard but does no damage.
The orc wizard is lightly wounded.
The orc wizard gestures at you while chanting.
You are confused.
The orc wizard completely misses you. The orc priest misses you.
The orc closely misses you.
The orc priest mumbles some strange prayers to Beogh against you.
Beogh smites you! The orc priest barely misses you.
The orc hits you but does no damage.
The orc priest hits you from afar with a +0 trident.
You die... # ...##o############ ....)oo@..<....... <#.##.###########. #

You could see an orc priest, an orc wizard and an orc.

Vanquished Creatures
  2 adders (D:2)
  A worm (D:2)
  3 dart slugs
  An orc (D:3)
  4 ball pythons
  5 bats
  2 endoplasms
  3 giant cockroaches
  4 goblins
  2 hobgoblins (D:1)
  A quokka (D:1)
  2 frilled lizards
  3 kobolds
  4 rats
37 creatures vanquished.

Notes
Turn   | Place    | Note
-------+----------+-------------------------------------------
     0 | D:1      | qw the Gargoyle Hexslinger began the quest for the Orb.
     0 | D:1      | Reached XP level 1. HP: 12/12 MP: 2/2
     0 | D:1      | 0 ||| qw: Version: 0.3-a-40-ge99b1a8
     0 | D:1      | 0 ||| qw: Game counter: 357
     0 | D:1      | 0 ||| qw: Melee chars always use a shield: true
     0 | D:1      | 0 ||| qw: God list: Okawaru
     0 | D:1      | 0 ||| qw: Allow faded altars: false
     0 | D:1      | 0 ||| qw: Do Orc after clearing Dungeon:15 true
     0 | D:1      | 0 ||| qw: Do second Lair branch before Depths: true
     0 | D:1      | 0 ||| qw: Lair rune preference: random
     0 | D:1      | 0 ||| qw: Goals: Normal
     0 | D:1      | 0 ||| PLANNING D:1-11
   252 | D:1      | Reached XP level 2. HP: 14/16 MP: 3/3
   386 | D:1      | 386 ||| FLEEEEING.
   387 | D:1      | 387 ||| FLEEEEING.
   388 | D:1      | 388 ||| FLEEEEING.
   389 | D:1      | 389 ||| FLEEEEING.
   390 | D:1      | 390 ||| FLEEEEING.
   403 | D:1      | Reached skill level 3 in Ranged Weapons
   903 | D:1      | 903 ||| UPGRADING to +0 ring mail.
   913 | D:1      | 913 ||| DROPPING +0 robe.
   914 | D:1      | 914 ||| UPGRADING to amulet of guardian spirit.
   919 | D:1      | 919 ||| READING scroll labelled EXEZXA ZUWKIT.
   920 | D:1      | 920 ||| READING 3 scrolls labelled YCKOSO WITIL.
   921 | D:1      | 921 ||| READING scroll labelled IVUQINIDIR.
   924 | D:1      | 924 ||| READING 2 scrolls of identify.
   924 | D:1      | 924 ||| IDENTIFYING viscous clear potion
   925 | D:1      | 925 ||| DROPPING scroll of poison.
   966 | D:2      | Reached XP level 3. HP: 21/21 MP: 4/4
  1327 | D:2      | Reached XP level 4. HP: 26/26 MP: 5/5
  1602 | D:2      | 1602 ||| UPGRADING to +1 pair of boots.
  1607 | D:2      | 1607 ||| DROPPING scarf of shadows.
  1608 | D:2      | 1608 ||| READING scroll labelled GEVEBI MIPRI.
  1633 | D:3      | HP: 2/26 [orc priest/divine providence (11)]
  1635 | D:3      | Slain by an orc priest

Levels and vault maps discovered:
D:1:      wander_arrival_desolate, layout_loops_corners, minmay_misc_feat_chi
D:2:      layout_loops_cross, wad_floor_pattern_untrapped
D:3:      layout_loops_ring, uniq_grinder

Skill      XL: |  1  2 |
---------------+-------+-----
Ranged Weapons | 3 |  3.9
Fighting       | 2 |  2.0
Armour         | |  0.1
Dodging        | |  1.5
Spellcasting   | |  1.0
Hexes          | |  2.6

Action                     |  1- 3 |  4- 6 || total
---------------------------+-------+-------++-------
   Fire: Sling             |   113 |    28 ||   141
    Use: Scroll            |     4 |     1 ||     5
 Armour: Robe              |    10 |       ||    10
         Ring mail         |    20 |    14 ||    34
  Dodge: Dodged            |    45 |    12 ||    57

Table legend:
 A = Non-vault XP
 B = Vault XP
 C = Vault XP percentage of total XP
 D = Non-vault monster count
 E = Vault monster count
 F = Vault count percentage of total count
                 A         B        C        D         E       F
            +---------+---------+-------+---------+---------+-------
      Total |      93 |       0 |   0.0 |      37 |       0 |   0.0
            +---------+---------+-------+---------+---------+-------
        D:1 |      33 |       0 |   0.0 |      19 |       0 |   0.0
        D:2 |      57 |       0 |   0.0 |      17 |       0 |   0.0
        D:3 |       3 |       0 |   0.0 |       1 |       0 |   0.0
            +---------+---------+-------+---------+---------+-------
